 Dungeon Crawl Stone Soup version 0.28-a0-1415-g7c84da036a (webtiles) character file.

Game seed: 1357296697629385782

5320 lonewolfV2 the Cleaver (level 10, -1/90 HPs)
             Began as a Hill Orc Fighter on Jan 7, 2022.
             Slain by a black bear (4 damage)
             ... on level 9 of the Dungeon.
             The game lasted 00:19:53 (9797 turns).

lonewolfV2 the Cleaver (Hill Orc Fighter)           Turns: 9797, Time: 00:19:54

Health: -1/90      AC:  8    Str: 24    XL:     10   Next: 64%
Magic:  9/10       EV: 12    Int:  8    God:
Gold:   418        SH:  4    Dex:  8    Spells: 9/9 levels left

rFire   . . .      SeeInvis .   a - +2 war axe (vorpal)
rCold   + . .      Faith    .   c - +0 buckler
rNeg    + . .      Spirit   .   d - +1 steam dragon scales
rPois   .          Reflect  .   (no helmet)
rElec   .          Harm     .   (no cloak)
rCorr   +          Rampage  .   (no gloves)
Will    .....      Rage     3%  (no boots)
Stlth   ++........ Rnd*Tele +   (no amulet)
HPRegen 0.25/turn               u - ring of flight
MPRegen 0.12/turn               l - ring of Xilur {rC+ rN+ rCorr Slay+2}

@: lethally poisoned (-1 -> -8), flying, unable to read
A: iridescent scales 2, [berserk 2], [clumsy 1], [deformed body], [teleportitis
2], [inability to read while threatened]
a: no special abilities


You were on level 9 of the Dungeon.
You visited 1 branch of the dungeon, and saw 9 of its levels.
You visited the Abyss 1 time.
You also visited: Ossuary.

You collected 418 gold pieces.

Inventory:

Hand Weapons
 a - a +2 vorpal war axe (weapon)
Missiles
 m - a throwing net
Armour
 b - a +0 scale mail
 c - a +0 buckler (worn)
 d - +1 steam dragon scales (worn)
Jewellery
 l - the ring of Xilur (right hand) {rC+ rN+ rCorr Slay+2}
   (You acquired it on level 6 of the Dungeon)

   [ring of protection from cold]

   Slay:      It affects your accuracy & damage with ranged weapons and melee
   (+2).
   rC:        It protects you from cold.
   rN:        It protects you from negative energy.
   rCorr:     It protects you from acid and corrosion.
 t - a ring of positive energy
 u - a ring of flight (left hand)
Wands
 g - a wand of digging (3)
 n - a wand of mindburst (13)
 s - a wand of polymorph (8)
 x - a wand of acid (9)
Scrolls
 f - 3 scrolls of teleportation
 i - 2 scrolls of noise
 r - a scroll of fog
 v - a scroll of enchant armour
Potions
 e - 2 potions of mutation
 h - 4 potions of cancellation
 j - a potion of flight
 p - 3 potions of lignification
 w - a potion of magic
 B - a potion of degeneration


   Skills:
 + Level 8.9 Fighting
 + Level 13.7 Axes
 + Level 4.5 Armour
 + Level 5.6 Dodging
 + Level 2.3 Stealth
 + Level 5.8 Shields


You had 9 spell levels left.
You didn't know any spells.
Your spell library contained the following spells:

 Spells                   Type           Power      Damage    Failure   Level
 Animate Skeleton         Necr           0%         N/A       50%         1
 Pain                     Necr           0%         1d4       50%         1
 Blink                    Tloc           0%         N/A       63%         2
 Confusing Touch          Hex            0%         N/A       86%         3
 Gell's Gravitas          Tloc           0%         N/A       86%         3
 Lesser Beckoning         Tloc           0%         N/A       86%         3
 Teleport Other           Tloc           0%         N/A       86%         3
 Vampiric Draining        Necr           0%         2d6       86%         3
 Manifold Assault         Tloc           0%         N/A       100%        5
 Yara's Violent Unravell  Hex/Tmut       0%         3d3       100%        5
 Enfeeble                 Hex            0%         N/A       100%        7


Dungeon Overview and Level Annotations

Branches:
Dungeon (9/15)             Temple (0/1) D:6         Ossuary (visited)
   Lair: D:8-11         Orc: D:9-12

Altars:
Ashenzari
Kikubaaqudgha
Nemelex Xobeh
Ru
Uskayaw
Zin

Shops:
D:7 !

Annotations:
D:6 2 transporters, wallyj24's ghost, novice GnFi


Innate Abilities, Weirdness & Mutations

You are mostly covered in iridescent scales. (AC +4)
[You often lose your temper in combat.]
[You are clumsy. (Dex -2)]
[Armour fits poorly on your strangely shaped body.]
[You are sometimes teleported next to monsters.]
[You sometimes lose the ability to read scrolls when taking damage.]


Message History

You miss the water moccasin.
The water moccasin is almost dead.
You completely miss the black bear.
You feel very sick. The black bear bites you!
You feel threatened and lose the ability to read scrolls!
* * * LOW HITPOINT WARNING * * *
The black bear claws you.
* * * LOW HITPOINT WARNING * * *
The black bear claws you.
* * * LOW HITPOINT WARNING * * *
The water moccasin closely misses you.
You closely miss the water moccasin.
The water moccasin is almost dead.
You hit the black bear.
You feel very sick. The black bear bites you.
* * * LOW HITPOINT WARNING * * *
The black bear claws you but does no damage. x2
The water moccasin closely misses you. The black bear bites you.
* * * LOW HITPOINT WARNING * * *
The black bear claws you but does no damage.
The black bear closely misses you.
It was a potion of brilliance.
You feel clever all of a sudden.
You feel sick.
The water moccasin bites you but does no damage.
The black bear bites you!
* * * LOW HITPOINT WARNING * * *
The black bear claws you but does no damage.
The black bear claws you.
* * * LOW HITPOINT WARNING * * *
A water moccasin comes into view.
You block the water moccasin's attack.
Your magical effects are unravelling.
You feel magically purged.
You feel a little less clever now.
* * * LOW HITPOINT WARNING * * *
You feel sick. The black bear bites you.
You die...

#..# ..# #..# #..# ..
#..# #..# .. #..# #..# .
#..# #..# . #..# #..# .#
#####..####..#######..##
#[......[.......S.......
......).<....†..@.......
####..####..#####h..P...
# #..# #..# ....PP. #
#..# #..# ....P..
####..####..# ..PK...
............. ...P..S
.............. .......
#############. .P...P.


You could see 2 water moccasins, a black bear (berserk) and a kobold brigand.

Vanquished Creatures
  A wizard (D:9)
  A smoke demon (Abyss:2)
  An ancient zyme (Abyss:2)
  A large abomination (Abyss:2)
  3 steam dragons
  Edmund (D:4)
  A water moccasin (D:8)
  3 orc warriors (D:8)
  3 black bears
  A sky beast (D:6)
  2 necrophages
  3 ogres
  A centaur (D:8)
  A phantom (D:6)
  2 kobold brigands (D:7)
  Blork the orc (D:4)
  A wyvern zombie (D:7)
  2 gnoll sergeants
  3 bullfrogs
  2 water moccasin zombies (D:6)
  5 scorpions
  A wyvern skeleton (D:7)
  A centaur zombie (Ossuary)
  A crimson imp (D:9)
  4 hounds
  A human zombie (Ossuary)
  2 centaur skeletons
  3 jellies
  A gnoll shaman (D:7)
  3 orc priests
  2 bullfrog skeletons
  An iguana (D:4)
  Natasha (twice) (D:4)
  7 orc wizards (D:8)
  A killer bee zombie (D:7)
  3 mummies
  A howler monkey zombie (D:5)
  21 gnolls
  2 adders
  2 white imps
  2 ufetubi
  3 adder zombies (Ossuary)
  4 dart slugs
  23 orcs
  10 ball pythons
  9 endoplasms
  4 giant cockroaches (D:2)
  5 goblins
  4 hobgoblins (D:1)
  16 kobolds
  5 quokkas
  7 bats
  3 frilled lizards
  10 hobgoblin zombies (Ossuary)
  A jackal zombie (Ossuary)
  3 kobold zombies (Ossuary)
  13 orc zombies (Ossuary)
  3 rats
  4 rat zombies (Ossuary)
  A starspawn tentacle (Abyss:2)
228 creatures vanquished.

Vanquished Creatures (others)
  A black bear (D:9)
  28 fungi (D:9)
  34 plants (D:9)
  2 starspawn tentacles (Abyss:2)
  9 withered plants (D:8)
74 creatures vanquished.

Grand Total: 302 creatures vanquished

Notes
Turn   | Place    | Note
-------+----------+-------------------------------------------
     0 | D:1      | lonewolfV2 the Hill Orc Fighter began the quest for the
                  | Orb.
     0 | D:1      | Reached XP level 1. HP: 19/19 MP: 1/1
   300 | D:1      | Reached XP level 2. HP: 22/27 MP: 2/2
   578 | D:1      | Reached skill level 3 in Axes
   773 | D:1      | Reached XP level 3. HP: 29/33 MP: 3/3
  1337 | D:2      | Reached XP level 4. HP: 35/40 MP: 4/4
  1411 | D:2      | Found a hide-covered altar of Uskayaw.
  1502 | D:2      | Reached skill level 4 in Axes
  2052 | D:3      | Reached XP level 5. HP: 15/47 MP: 5/5
  2741 | D:4      | Reached skill level 5 in Axes
  2753 | D:4      | Reached skill level 5 in Fighting
  2753 | D:4      | Noticed a steam dragon
  2756 | D:4      | Reached XP level 6. HP: 19/56 MP: 6/6
  2766 | D:4      | Killed a steam dragon
  3018 | D:4      | Noticed Edmund
  3020 | D:4      | Gained mutation: You are partially covered in iridescent
                  | scales. (AC +2) [potion of mutation]
  3020 | D:4      | Gained mutation: You are mostly covered in iridescent
                  | scales. (AC +4) [potion of mutation]
  3039 | D:4      | Killed Edmund
  3040 | D:4      | Reached skill level 6 in Axes
  3040 | D:4      | Reached XP level 7. HP: 26/61 MP: 7/7
  3348 | D:4      | Noticed Blork the orc
  3356 | D:4      | Killed Blork the orc
  3357 | D:4      | Reached skill level 1 in Dodging
  3357 | D:4      | Found a sand-covered staircase.
  3366 | D:4      | Reached skill level 1 in Stealth
  3415 | Ossuary  | Entered an ossuary
  3565 | Ossuary  | Reached skill level 7 in Axes
  4648 | D:4      | Reached XP level 8. HP: 44/70 MP: 8/8
  5014 | D:4      | Found a broken altar of Ashenzari.
  5019 | D:4      | Found a sacrificial altar of Ru.
  5136 | D:4      | Noticed Natasha
  5139 | D:4      | Killed Natasha
  5149 | D:4      | Noticed Natasha
  5160 | D:4      | Killed Natasha
  5180 | D:5      | Entered Level 5 of the Dungeon
  5192 | D:5      | Reached skill level 8 in Axes
  5234 | D:5      | Found a hide-covered altar of Uskayaw.
  5424 | D:5      | Reached skill level 9 in Axes
  5655 | D:6      | Identified a scroll of acquirement
  5655 | D:6      | Acquired the ring of Xilur {rC+ rN+ rCorr Slay+2}
  5683 | D:6      | Reached skill level 5 in Shields
  5759 | D:6      | Found a transporter.
  5762 | D:6      | Noticed wallyj24's ghost (novice GnFi)
  6068 | D:6      | Found a transporter.
  6081 | D:6      | Found a staircase to the Ecumenical Temple.
  6098 | D:6      | Reached XP level 9. HP: 72/78 MP: 9/9
  6258 | D:6      | Reached skill level 10 in Axes
  6849 | D:7      | Found a sparkling altar of Nemelex Xobeh.
  6876 | D:7      | Found Senk's Distillery.
  7254 | D:7      | Reached skill level 11 in Axes
  8106 | D:8      | Reached skill level 12 in Axes
  8175 | D:8      | Reached skill level 5 in Dodging
  8317 | D:8      | Reached XP level 10. HP: 81/88 MP: 10/10
  8380 | D:8      | Found an ancient bone altar of Kikubaaqudgha.
  9026 | D:8      | Found a glowing silver altar of Zin.
  9026 | D:8      | Noticed an angel
  9134 | D:9      | Noticed a wizard
  9134 | D:9      | Cast into level 2 of the Abyss (a wizard)
  9161 | Abyss:2  | Found a corrupted altar of Lugonu.
  9171 | Abyss:2  | Noticed a smoke demon
  9205 | Abyss:2  | Killed a smoke demon
  9206 | Abyss:2  | Reached skill level 13 in Axes
  9290 | Abyss:2  | Noticed a wretched star
  9297 | Abyss:2  | Noticed a tentacled starspawn
  9305 | Abyss:2  | Noticed an orange demon
  9317 | D:9      | Escaped the Abyss
  9759 | D:9      | Killed a wizard
  9797 | D:9      | HP: 3/90 [poisoned by a water moccasin]
  9797 | D:9      | Slain by a black bear

Illustrated notes

Levels and vault maps discovered:
D:1:      dpeg_arrival_arbitrary_c, layout_loops_corners
D:2:      layout_rooms, basic_altar
D:3:      layout_basic
D:4:      layout_loops_corners, mainiacjoe_overflow_big_doors,
          gup_ossuary_entry_pyramid, minmay_misc_feat_x, minmay_misc_feat_tower,
          minmay_box_of_dots, uniq_blork_the_orc, uniq_edmund, uniq_natasha
D:5:      layout_rooms, mainiacjoe_overflow_tiny_flanked, minmay_misc_feat_tiny
D:6:      layout_cave_pools, temple_pool_b, gammafunk_ghost_stat_death
D:7:      layout_cave_pools, nemelex_xobeh_ov_fountains_minmay, serial_shops,
          shop
D:8:      layout_loops_ring, zin_angel, kiku_gazebo_garden_becter
D:9:      layout_small_grid, nicolae_tso_swordbearing_angel,
          due_lair_maze_entry_diamond, minmay_orc_entry_temple_small,
          lightli_wizard_tower

Skill      XL: |  1  2  3  4  5  6  7  8  9 10 |
---------------+-------------------------------+-----
Axes           | 3 4 5 6 7 9 12 13 | 13.7
Fighting       | 4 5 6 8 |  8.9
Armour         | 4 |  4.5
Shields        | 4 5 |  5.8
Dodging        | 2 3 5 |  5.6
Stealth        | 1 2 |  2.3

Action                   |  1- 3 |  4- 6 |  7- 9 | 10-12 || total
-------------------------+-------+-------+-------+-------++-------
Melee: War axe           |    92 |   110 |   317 |    77 ||   596
  Use: Scroll            |     1 |     3 |    10 |     1 ||    15
       Potion            |       |     6 |     1 |     7 ||    14
 Stab: Sleeping          |       |       |     1 |     1 ||     2
Armor: Scale mail        |    48 |    72 |       |       ||   120
       Steam dragon scal |       |     2 |   156 |    47 ||   205
Dodge: Dodged            |    44 |    98 |   192 |    68 ||   402
Block: Buckler           |    18 |    44 |    77 |    16 ||   155

Table legend: (Time is in decaauts)
 A = Elapsed time spent in this place.
 B = Non-inter-level travel time spent in this place.
 C = Inter-level travel time spent in this place.
 D = Time resting spent in this place.
 E = Time spent auto-exploring this place.
 F = Levels seen in this place.
 G = Mean time per level.
                   A        B        C        D        E       F      G
               +--------+--------+--------+--------+--------+-----+--------+
         Total |   9885 |   9766 |    119 |   2341 |   5246 |  11 |  898.6 |
       Dungeon |   9146 |   9027 |    119 |   1990 |   5226 |   9 | 1016.2 |
         Abyss |    180 |    180 |      0 |     58 |      0 |   1 |  180.0 |
       Ossuary |    558 |    558 |      0 |    293 |     20 |   1 |  558.0 |
               +--------+--------+--------+--------+--------+-----+--------+

Top non-repeatable levels by time:
     D:4: 1963 daAuts
     D:8: 1513 daAuts
     D:1: 1256 daAuts
     D:7: 1197 daAuts
     D:6: 1186 daAuts
     D:3: 785 daAuts
     D:2: 708 daAuts
 Ossuary: 558 daAuts
     D:5: 452 daAuts
 Abyss:2: 180 daAuts
     D:9: 82 daAuts
